 Dungeon Crawl Stone Soup version 0.29.1-1-gd02db6906a (webtiles) character file.

Game seed: 16739768791708529081

2767 LabCoat the Cleaver (level 9, -5/78 HPs)
             Began as a Hill Orc Fighter on Sept 18, 2022.
             Was a Follower of Trog.
             Slain by a boulder beetle (8 damage)
             ... on level 8 of the Dungeon.
             The game lasted 00:20:35 (7706 turns).

LabCoat the Cleaver (Hill Orc Fighter)              Turns: 7706, Time: 00:20:36

Health: -5/78      AC: 15    Str: 40    XL:     9   Next: 69%
Magic:  9/9        EV:  8    Int:  8    God:    Trog [*.....]
Gold:   299        SH:  5    Dex: 10    Spells: 8/8 levels left

rFire   . . .      SeeInvis .   a - +0 war axe (flame)
rCold   . . .      Faith    .   c - +0 buckler
rNeg    . . .      Spirit   .   p - +0 plate armour
rPois   .          Reflect  .   e - +0 helmet
rElec   .          Harm     .   t - scarf {repulsion}
rCorr   .          Rampage  .   (no gloves)
Will    .....                   k - +0 pair of boots of the Skies Above {*Corrode Str+5}
Stlth   ..........              (no amulet)
HPRegen 0.23/turn               u - +6 ring of strength
MPRegen 0.11/turn               v - +6 ring of strength

@: on berserk cooldown, hasted and slowed, repel missiles
A: no striking features
a: Renounce Religion, Berserk


You were on level 8 of the Dungeon.
You worshipped Trog.
Trog was aware of your devotion.
You visited 2 branches of the dungeon, and saw 9 of its levels.

You collected 528 gold pieces.
You spent 229 gold pieces at shops.

Inventory:

Hand Weapons
 a - a +0 war axe of flaming (weapon)
Missiles
 i - 10 poisoned darts (quivered)
 s - 2 javelins
Armour
 c - a +0 buckler (worn)
 e - a +0 helmet (worn)
 k - the +0 pair of boots of the Skies Above (worn) {*Corrode Str+5}
   (You bought it in a shop on level 5 of the Dungeon)

   Str:       It affects your strength (+5).
   *Corrode:  It may corrode you when you take damage.
 l - a +0 cloak
 p - a +0 plate armour (worn)
 t - a scarf of repulsion (worn)
Jewellery
 f - a ring of flight
 u - a +6 ring of strength (left hand)
 v - a +6 ring of strength (right hand)
 z - a +4 ring of slaying
 D - a +4 ring of protection
Wands
 d - a wand of charming (6)
 B - a wand of polymorph (10)
 C - a wand of iceblast (11)
Scrolls
 w - a scroll of poison
 x - a scroll of brand weapon
 A - 2 scrolls of teleportation
Potions
 b - a potion of flight
 h - 2 potions of lignification
 m - a potion of haste
 n - a potion of magic {unknown}
 o - 2 potions of brilliance
 q - 4 potions of curing
 r - a potion of resistance {unknown}


   Skills:
 + Level 6.8 Fighting
 * Level 9.4 Axes
 + Level 4.2 Throwing
 + Level 6.3 Armour
 + Level 6.3 Shields
 + Level 4.7 Evocations


You had 8 spell levels left.
You didn't know any spells.
Your spell library contained the following spells:

 Spells                   Type           Power      Damage    Failure   Level
 Shock                    Conj/Air       0%         1d3       96%         1
 Swiftness                Air            0%         N/A       100%        3
 Airstrike                Air            0%         2d(0-16)  100%        4
 Borgnjor's Revivificati  Necr           0%         N/A       100%        8
 Necromutation            Tmut/Necr      0%         N/A       100%        8
 Death's Door             Necr           0%         N/A       100%        9


Dungeon Overview and Level Annotations

Branches:
Dungeon (8/15)             Temple (1/1) D:4
   Lair: D:8-11

Altars:
Ashenzari
Dithmenos
Elyvilon
Fedhas
Kikubaaqudgha
Makhleb
Okawaru
Ru
Sif Muna
Trog
Uskayaw
Wu Jian
Yredelemnul
The Shining One

Shops:
D:1 =   D:5 [   D:6 =(=*[   D:8 [


Message History

The boulder beetle bites you but does no damage.
You hit the boulder beetle but do no damage.
The boulder beetle is heavily wounded.
You slash the boulder beetle! You burn the boulder beetle.
The boulder beetle is severely wounded.
The boulder beetle bites you!
* * * LOW HITPOINT WARNING * * *
You hit the boulder beetle but do no damage.
The boulder beetle is severely wounded.
The boulder beetle leaps!
You feel a strong urge to attack something.
Found 5 stones.
You barely miss the boulder beetle.
The boulder beetle is severely wounded.
You are no longer berserk.
You are exhausted.
You feel yourself slow down.
You hit the boulder beetle but do no damage.
The boulder beetle is severely wounded.
You block the boulder beetle's attack. The boulder beetle bites you.
* * * LOW HITPOINT WARNING * * *
You hit the boulder beetle. You burn the boulder beetle.
The boulder beetle is severely wounded.
The boulder beetle barely misses you. The boulder beetle bites you.
* * * LOW HITPOINT WARNING * * *
Okay, then.
As you read the scroll of fear, it crumbles to dust.
You assume a fearsome visage.
The boulder beetle looks frightened!
The boulder beetle leaps!
You feel better.
The boulder beetle leaps! x2
The boulder beetle curls into a ball and begins rolling!
You feel yourself speed up. The boulder beetle hits you.
The boulder beetle stops rolling and uncurls.
You hit the boulder beetle. You burn the boulder beetle.
The boulder beetle is heavily wounded.
The boulder beetle bites you!!
* * * LOW HITPOINT WARNING * * *
The boulder beetle attacks as you move away!
The boulder beetle bites you!
You die...

... #.# #.[
#.####.# ###
###.##...#
.......(#.##.#.#
#.#.......##...#
#.#.#(#(#.# #..###
#.#.#.#.#.###.....
#@#...#<#.........
#B#..##.#.###.#...
#.#.......# #.#...
#.......#.# #.....
####B####.# #.....
#.# #.# #..... #.#
#.# ###... .B# #.#
... ... ...


You could see a boulder beetle.

Vanquished Creatures
  Grinder (D:4)
  A wyvern (D:7)
  Edmund (D:6)
  2 hornet zombies (D:6)
  3 black bears
  3 sky beasts
  A phantom (D:7)
  2 gnoll sergeants (D:6)
  A bullfrog (D:8)
  2 necrophages
  3 scorpions
  A water moccasin zombie (D:6)
  4 wights (D:7)
  5 killer bees (D:7)
  A centaur zombie (D:6)
  2 bullfrog zombies (D:6)
  3 hounds
  A jelly (D:5)
  2 iguanas
  An orc wizard (D:7)
  6 gnolls (D:6)
  8 adders
  3 white imps
  3 worms
  10 orcs
  10 ball pythons
  6 bats
  4 endoplasms
  11 goblins
  4 hobgoblins
  3 jackals (D:3)
  5 quokkas
  6 frilled lizards
  8 kobolds
  2 rats
129 creatures vanquished.

Vanquished Creatures (others)
  9 plants (D:8)
9 creatures vanquished.

Grand Total: 138 creatures vanquished

Notes
Turn   | Place    | Note
-------+----------+-------------------------------------------
     0 | D:1      | LabCoat the Hill Orc Fighter began the quest for the Orb.
     0 | D:1      | Reached XP level 1. HP: 19/19 MP: 1/1
   170 | D:1      | Found a faded altar of an unknown god.
   175 | D:1      | Reached skill level 3 in Axes
   175 | D:1      | Reached XP level 2. HP: 27/27 MP: 2/2
   272 | D:1      | Found Yluturch's Jewellery Shoppe.
   896 | D:2      | Reached XP level 3. HP: 33/33 MP: 3/3
  1186 | D:2      | Reached skill level 1 in Throwing
  1285 | D:2      | Reached skill level 1 in Evocations
  1285 | D:2      | Reached XP level 4. HP: 40/40 MP: 4/4
  2025 | D:3      | Found an iron altar of Okawaru.
  2187 | D:3      | Reached skill level 4 in Axes
  2224 | D:3      | Reached XP level 5. HP: 37/46 MP: 5/5
  3016 | D:4      | Found a staircase to the Ecumenical Temple.
  3025 | Temple   | Entered the Ecumenical Temple
  3185 | D:4      | Noticed Grinder
  3202 | D:4      | Paralysed by Grinder for 4 turns
  3216 | D:4      | Paralysed by Grinder for 3 turns
  3220 | D:4      | Killed Grinder
  3221 | D:4      | Reached skill level 5 in Axes
  3221 | D:4      | Reached XP level 6. HP: 20/53 MP: 6/6
  3519 | D:5      | Entered Level 5 of the Dungeon
  3531 | D:5      | Reached XP level 7. HP: 38/60 MP: 7/7
  3712 | D:5      | Found Sest's Armour Boutique.
  3765 | D:5      | Bought the +0 pair of boots of the Skies Above {*Corrode
                  | Str+5} for 229 gold pieces
  3942 | D:5      | Found a shimmering blue altar of Sif Muna.
  3942 | D:5      | Found a burning altar of Makhleb.
  3943 | D:5      | Found a bloodstained altar of Trog.
  3950 | D:5      | Became a worshipper of Trog the Wrathful
  4069 | D:5      | Reached skill level 5 in Fighting
  4073 | D:5      | Reached skill level 6 in Axes
  4672 | D:6      | Found Adir's Weapon Emporium.
  4745 | D:6      | Found a broken altar of Ashenzari.
  4765 | D:6      | Found Wukleing's General Store.
  4837 | D:6      | Found Zeteiby's Armour Boutique.
  4849 | D:6      | Reached XP level 8. HP: 68/68 MP: 8/8
  4980 | D:6      | Reached skill level 5 in Armour
  5224 | D:6      | Noticed Edmund
  5234 | D:6      | Reached skill level 7 in Axes
  5236 | D:6      | Killed Edmund
  5237 | D:6      | Reached skill level 5 in Shields
  5389 | D:6      | Found a basalt altar of Yredelemnul.
  5573 | D:6      | Found Jyshur's Jewellery Boutique.
  5600 | D:6      | Reached skill level 8 in Axes
  5828 | D:6      | Found Osubuthr Neaf's Jewellery Boutique.
  6186 | D:7      | Found a glowing golden altar of the Shining One.
  6265 | D:7      | Reached XP level 9. HP: 67/75 MP: 9/9
  6266 | D:7      | Reached * piety under Trog
  6452 | D:7      | Found a blossoming altar of Fedhas.
  6877 | D:7      | Reached skill level 9 in Axes
  7476 | D:8      | Found Bonem's Armour Shoppe.
  7662 | D:8      | Noticed a boulder beetle
  7705 | D:8      | HP: 3/78 [boulder beetle (21)]
  7706 | D:8      | Slain by a boulder beetle

Illustrated notes

Levels and vault maps discovered:
D:1:      dpeg_arrival_signposts, layout_basic, serial_shops, shop,
          hellmonk_ecumenical_altar_arch_garden, minmay_misc_feat_iff,
          minmay_box_of_dots
D:2:      layout_basic, minmay_large_rounded_square
D:3:      layout_basic, okawaru_ov_weapons_minmay
D:4:      layout_rooms, minmay_temple_entry_mini_moons, uniq_grinder
D:5:      layout_rooms, chequers_temple_overflow_statue_of_worship,
          serial_shops, shop
D:6:      layout_loops_cross, nicolae_yredelemnul_corpse_copse,
          general_overflow_altar, serial_shops, nicolae_shop_behind_doors, shop,
          nicolae_shop_hallway_stairs, shop, nicolae_shop_waterfront,
          corexii_leaking_fountain, nicolae_benzene_ring, uniq_edmund
D:7:      layout_basic, tso_altar, mainiacjoe_overflow_surrounded_room,
          hangedman_abyss_or_decor_slice, grunt_ministairs_7
D:8:      layout_loops_corners, serial_shops, shop, nicolae_square_shop,
          minmay_misc_feat_hallway, serial_bayou_pond_c, uniq_erica
Temple:   hellmonk_temple_micro_hex

Skill      XL: |  1  2  3  4  5  6  7  8  9 |
---------------+----------------------------+-----
Axes           | 3 4 5 6 8 9 |  9.4
Throwing       | 1 2 3 4 |  4.2
Fighting       | 4 5 6 |  6.8
Evocations     | 1 2 3 4 |  4.7
Shields        | 4 5 6 |  6.3
Armour         | 4 5 6 |  6.3

Action                   |  1- 3 |  4- 6 |  7- 9 || total
-------------------------+-------+-------+-------++-------
Melee: War axe           |   101 |   143 |   243 ||   487
Throw: Dart              |     4 |    24 |    10 ||    38
       Throwing net      |     1 |     1 |       ||     2
Invok: Berserk           |       |       |     1 ||     1
  Use: Scroll            |     5 |     5 |     9 ||    19
       Potion            |       |     1 |     4 ||     5
Armor: Scale mail        |    67 |    52 |       ||   119
       Plate armour      |       |    27 |   184 ||   211
Dodge: Dodged            |    37 |    72 |    98 ||   207
       Repelled          |       |       |     1 ||     1
Block: Buckler           |    35 |    42 |    54 ||   131
